AoeStats
← 公鸡神探

Arena

508404059Analyzed
4v4 RM · 10d ago on Sep 22, 2026· 58m 24s· 8 players
Game mode
Random Map
Map size
Large (8 player)
Population
200
Speed
Normal
Resources
Standard
Victory
Conquest
Starting age
Dark Age
Ending age
Imperial Age
RankedLock teamsTeams togetherTeam positionsShared explorationLock speedFull tech treeHidden civsTurbo modeCheats
Victory
Defeat
🇨🇳 Berbers · China
1125
+11
1106
+12
🇭🇰 Khmer · Hong Kong SAR China
1056
+14
🇨🇳 Franks · China
939
+19
🇳🇱 Spanish · Netherlands
1046
-15
🇫🇷 Bohemians · France
1039
-15
🇹🇷 Poles · Türkiye
1012
-14
🇳🇱 Georgians · Netherlands
974
-12
Alviset
Xion574
12:28 Feudal Age
15:58 Castle Age
13:59 Loom
14:23 Double-Bit Axe
14:21 Horse Collar
16:23 Wheelbarrow
16:30 Town Watch
17:34 Bow Saw
17:26 Heavy Plow
22:52 Gold Mining
23:21 Husbandry
23:31 Bloodlines
24:11 Redemption
26:18 Bloodlines
28:32 Hand Cart
29:58 Scale Barding Armor
30:04 Forging
30:08 Town Watch
32:13 Chain Barding Armor
32:29 Iron Casting
34:29 Town Patrol
37:07 Imperial Age
35:04 Pikeman
37:03 Stone Mining
36:53 Pikeman
37:18 Gambesons
37:34 Squires
37:19 Arson
37:37 Scale Mail Armor
38:23 Halberdier
39:22 Chain Mail Armor
42:08 Plate Mail Armor
42:38 Blast Furnace
43:29 Blast Furnace
45:05 Conscription
45:28 Supremacy
46:17 Stone Shaft Mining
48:25 Plate Barding Armor
49:21 Cavalier
51:26 Guilds
53:02 Paladin
53:08 Paladin
55:08 Fletching
prsdntsdghtr
11:14 Feudal Age
9:53 Loom
9:59 Loom
15:55 Castle Age
13:46 Double-Bit Axe
14:00 Horse Collar
16:23 Wheelbarrow
17:24 Bow Saw
20:37 Heavy Plow
23:01 Gold Mining
24:21 Hand Cart
25:02 Heavy Plow
31:57 Imperial Age
32:02 Stone Mining
33:04 Conscription
35:04 Forging
34:59 Scale Barding Armor
34:28 Onager
34:41 Onager
35:06 Pikeman
35:24 Onager
36:48 Fortified Wall
36:35 Murder Holes
37:57 Halberdier
42:28 Siege Onager
44:35 Iron Casting
44:01 Scale Mail Armor
45:27 Block Printing
46:41 Elite Monaspa
55:51 Squires
55:36 Arson
58:22 Blast Furnace
57:38 Chain Mail Armor
57:44 Chain Barding Armor
berker06ankara
9:40 Loom
12:14 Feudal Age
13:39 Double-Bit Axe
16:31 Castle Age
14:34 Horse Collar
15:20 Gold Mining
15:22 Stone Mining
16:39 Wheelbarrow
17:58 Bow Saw
18:18 Heavy Plow
24:26 Szlachta Privileges
24:52 Scale Mail Armor
25:10 Fletching
25:20 Padded Archer Armor
26:24 Hand Cart
27:05 Bloodlines
27:20 Forging
27:15 Scale Barding Armor
27:28 Husbandry
29:07 Chain Barding Armor
29:25 Iron Casting
29:39 Padded Archer Armor
29:43 Squires
29:30 Arson
31:03 Bodkin Arrow
36:16 Imperial Age
34:03 Chain Mail Armor
36:32 Leather Archer Armor
36:26 Cavalier
38:10 Blast Furnace
39:17 Plate Mail Armor
38:39 Sappers
41:29 Pikeman
53:44 Crop Rotation
公鸡神探
code monkey HK
8:47 Feudal Age
14:19 Castle Age
13:53 Double-Bit Axe
16:23 Bow Saw
18:05 Stone Mining
19:55 Loom
24:23 Gold Mining
29:11 Gold Shaft Mining
29:40 Light Cavalry
31:57 Loom
32:47 Wheelbarrow
34:43 Imperial Age
33:48 Scale Barding Armor
33:35 Fletching
33:52 Husbandry
34:04 Bloodlines
36:11 Chain Barding Armor
37:56 Hussar
38:40 Double Crossbow
43:39 Conscription
43:33 Forging
44:04 Plate Barding Armor
45:50 Iron Casting
45:11 Bodkin Arrow
45:16 Padded Archer Armor
45:58 Stone Shaft Mining
47:01 Hoardings
47:57 Bracer
48:58 Blast Furnace
49:48 Horse Collar
心焰
10:31 Feudal Age
14:12 Castle Age
12:13 Double-Bit Axe
16:04 Bow Saw
24:40 Wheelbarrow
24:32 Gold Mining
24:32 Stone Mining
28:55 Imperial Age
26:42 Hand Cart
26:14 Loom
26:19 Town Watch
27:21 Gold Shaft Mining
27:05 Scale Barding Armor
27:10 Forging
28:49 Chain Barding Armor
28:22 Light Cavalry
28:58 Cavalier
29:38 Husbandry
30:15 Plate Barding Armor
30:16 Iron Casting
29:53 Chivalry
30:14 Conscription
33:01 Paladin
35:26 Blast Furnace
36:26 Chemistry
36:56 Town Patrol
36:59 Scale Mail Armor
36:50 Fletching
37:00 Padded Archer Armor
39:04 Chain Mail Armor
38:45 Bodkin Arrow
39:00 Siege Engineers
39:06 Fortified Wall
39:33 Hoardings
43:36 Leather Archer Armor
45:11 Ballistics
45:02 Masonry
46:30 Plate Mail Armor
翻斗花园突破手绫小路
Connection lost

Rejoining the realm…

Still unreachable

The connection could not be restored.

Session expired

The server has moved on; the page needs a fresh start.